 Dungeon Sprint DCSS version 0.24-a0-132-ge4b1dce (webtiles) character file.

Game seed: 9829876417544873665

24265 galech the Bludgeoner (level 12, -2/111 HPs)
             Began as a Demonspawn Fighter on Feb 27, 2019.
             Was the Champion of Okawaru.
             Slain by a jumping spider (15 damage)
             ... in the Dungeon (Sprint IX: "|||||||||||||||||||||||||||||").
             The game lasted 00:13:03 (6886 turns).

galech the Bludgeoner (Demonspawn Fighter)          Turns: 6886, Time: 00:13:03

Health: -2/111     AC: -3    Str: 20    XL:     12   Next: 79%
Magic:  0/16       EV: 15    Int: 12    God:    Okawaru [******]
Gold:   1757       SH: 26    Dex: 18    Spells: 11/11 levels left

rFire    + . .     SeeInvis +   f - +7 mace of Xinebrapli {freeze, rElec Dex+2}
rCold    + . .     Gourm    .   B - +1 large shield
rNeg     . . .     Faith    .   x - +0 swamp dragon scales
rPois    +         Spirit   +   D - +1 helmet
rElec    +         Reflect  .   p - scarf {Spirit}
rCorr    .         Harm     .   C - +1 pair of gloves
MR       .....     NoTele   +   (no boots)
Stlth    ++........             (no amulet)
HPRegen  0.28/turn              o - ring "Conaqihi" {Str+4 SInv}
MPRegen  0.15/turn              z - ring of protection from fire

@: corroded, very slightly contaminated
A: hooves 2, large bone plates 2, cold resistance 1
a: Heroism, Finesse, Renounce Religion


You were in the Dungeon.
You worshipped Okawaru.
Okawaru was exalted by your worship.
You were not hungry.

You visited 1 branch You collected 1917 gold pieces.
You spent 160 gold pieces at shops.

Inventory:

Hand Weapons
 a - a +0 flail
 f - the +7 mace of Xinebrapli (weapon) {freeze, rElec Dex+2}
   (Okawaru gifted it to you in the Dungeon)

   It has been specially enchanted to freeze those struck by it, causing extra
   injury to most foes and up to half again as much damage against particularly
   susceptible opponents.
   It can also slow down cold-blooded creatures.
   It affects your dexterity (+2).
   It insulates you from electricity.
 g - a +2 scimitar of flaming
Armour
 p - a scarf of spirit shield (worn)
 x - +0 swamp dragon scales (worn)
 y - +1 fire dragon scales
 B - a +1 large shield (worn)
 C - a +1 pair of gloves (worn)
 D - a +1 helmet (worn)
Jewellery
 o - the ring "Conaqihi" (left hand) {Str+4 SInv}
   (You bought it in a shop in the Dungeon)

   [ring of see invisible]

   It affects your strength (+4).
   It lets you see invisible.
 r - a +3 ring of intelligence
 s - a +3 ring of intelligence
 z - a ring of protection from fire (right hand)
 A - an uncursed ring of fire
Wands
 b - a wand of disintegration (18)
 n - a wand of acid (10)
Scrolls
 l - 5 scrolls of remove curse
 m - 2 scrolls of amnesia
 t - 2 scrolls of identify
 u - 2 scrolls of fog
 v - 6 scrolls of enchant armour
Potions
 c - a potion of brilliance
 e - 5 potions of curing
 h - 2 potions of haste
 i - 4 potions of magic
 j - a potion of invisibility
 w - a potion of might
Comestibles
 k - 10 rations
 G - 12 chunks of flesh


   Skills:
 + Level 16.0 Fighting
 + Level 3.6 Long Blades
 + Level 16.8 Maces & Flails
 + Level 12.9 Armour
 + Level 9.3 Dodging
 + Level 6.1 Stealth
 + Level 12.3 Shields
 + Level 5.7 Invocations


You had 11 spell levels left.
You didn't know any spells.
Your spell library was empty.

Dungeon Overview and Level Annotations

Branches:
Dungeon (1/1)

Altars:
Cheibriados
Dithmenos
Elyvilon
Fedhas
Gozag
Hepliaklqana
Kikubaaqudgha
Makhleb
Nemelex Xobeh
Okawaru
Qazlal
Ru
Sif Muna
Trog
Uskayaw
Vehumet
Wu Jian
Xom
Yredelemnul
Zin
The Shining One
Beogh
Jiyva
Lugonu

Shops:
D ?%*:


Innate Abilities, Weirdness & Mutations

You have hoof-like feet.
You are mostly covered in large bone plates. (SH +6)
Your flesh is cold resistant. (rC+)


Message History

* * * LOW HITPOINT WARNING * * *
The demonic crawler hits you!
* * * LOW HITPOINT WARNING * * *
You feel much better.
You block the jumping spider's attack. x2
You block the demonic crawler's attack. The demonic crawler hits you!
* * * LOW HITPOINT WARNING * * *
The demonic crawler completely misses you.
The entropy weaver mumbles some strange words.
The entropic weave corrodes you!
Unknown command.
As you read the scroll of fog, it crumbles to dust.
The scroll dissolves into smoke.
The jumping spider leaps!
The demonic crawler misses you.
You block the demonic crawler's attack. x2
The jumping spider leaps!
You hit the jumping spider but do no damage.
You kick the jumping spider, but do no damage.
The jumping spider is almost dead.
You block the demonic crawler's attack. x2
The demonic crawler closely misses you. The jumping spider pounces on you!
You die...

▓)▓.▓)▓.▓)▓.▓.▓.▓_
▓s▓[▓)▓.▓)▓)▓.▓.▓'
▓a▓.▓)▓.▓[▓.▓[▓.▓.
▓.▓.▓.▓.▓)▓.▓[▓.▓.
▓.▓÷▓.▓.▓)▓.▓.▓.▓.
▓y▓)▓=▓.▓)▓.▓.▓.▓.
▓s▓÷▓=▓.▓.▓)▓.▓.▓.
▓s▓.▓.▓.▓)▓)▓.▓.▓)
▓@▓.▓'▓.▓)▓.▓.▓.▓.
▓s▓.▓.▓.▓)▓.▓.▓.▓.
▓§▓.▓.▓.▓.▓.▓'▓.▓.
▓.▓.▓.▓.▓)▓.▓.▓.▓.
▓.▓.▓.▓.▓.▓.▓.▓.▓)
▓.▓.▓.▓.▓.▓.▓.▓.▓'
▓.▓.▓.▓.▓.▓.▓.▓.▓(
▓.▓.▓.▓.▓.▓)▓.▓.▓.
▓.▓.▓.▓.▓.▓)▓.▓.▓.


You could see 2 demonic crawlers and a jumping spider.

Vanquished Creatures
  A fire giant (D)
  A stone giant (D)
  A hydra (D)
  Harold (D)
  A great orb of eyes (D)
  A merfolk aquamancer (D)
  A queen ant (shapeshifter) (D)
  4 centaur warriors (D)
  An unseen horror (D)
  A lindwurm (D)
  A necromancer (D)
  9 orc knights (D)
  A wolf spider (D)
  A cyclops (D)
  3 manticores (D)
  An orc sorcerer (D)
  Maurice (D)
  2 black mambas (D)
  A water nymph (D)
  4 spiny frogs (D)
  A komodo dragon (D)
  2 merfolk (D)
  A troll (D)
  A wind drake (D)
  A blink frog (D)
  2 tyrant leeches (D)
  5 hippogriffs (D)
  2 slime creatures (D)
  2 snapping turtles (D)
  Eustachio (D)
  A basilisk (D)
  2 porcupines (D)
  2 water moccasins (D)
  16 orc warriors (D)
  An ice beast (D)
  A centaur (D)
  A crocodile (D)
  2 bullfrogs (D)
  2 crimson imps (D)
  2 jellies (D)
  6 orc priests (D)
  An orc wizard (D)
  2 worker ants (D)
  5 worms (D)
  7 orcs (D)
  A bat (D)
  A jackal (D)
  A giant cockroach zombie (D)
  A goblin (D)
  3 kobolds (D)
  A quokka skeleton (D)
114 creatures vanquished.

Notes
Turn   | Place    | Note
-------+----------+-------------------------------------------
     0 | D        | galech the Demonspawn Fighter began the quest for the Orb.
     0 | D        | Reached XP level 1. HP: 18/18 MP: 1/1
   115 | D        | Noticed a centaur
   115 | D        | Noticed a crimson imp
   139 | D        | Killed a centaur
   139 | D        | Reached skill level 5 in Fighting
   139 | D        | Reached skill level 5 in Armour
   139 | D        | Reached skill level 1 in Dodging
   139 | D        | Gained mutation: You have large cloven feet. [demonic
                  | ancestry]
   139 | D        | Reached XP level 2. HP: 14/27 MP: 2/2
   139 | D        | Gained mutation: You are partially covered in large bone
                  | plates. (SH +4) [demonic ancestry]
   139 | D        | Reached XP level 3. HP: 17/33 MP: 3/3
   139 | D        | Reached XP level 4. HP: 20/39 MP: 4/4
   325 | D        | Found a roughly hewn altar of Beogh.
   325 | D        | Found a snail-covered altar of Cheibriados.
   325 | D        | Found a shadowy altar of Dithmenos.
   325 | D        | Found a white marble altar of Elyvilon.
   325 | D        | Found a blossoming altar of Fedhas.
   325 | D        | Found an opulent altar of Gozag.
   326 | D        | Found a hazy altar of Hepliaklqana.
   327 | D        | Found a viscous altar of Jiyva.
   328 | D        | Found an ancient bone altar of Kikubaaqudgha.
   329 | D        | Found a corrupted altar of Lugonu.
   330 | D        | Found a burning altar of Makhleb.
   331 | D        | Found a sparkling altar of Nemelex Xobeh.
   332 | D        | Found an iron altar of Okawaru.
   333 | D        | Found a stormy altar of Qazlal.
   334 | D        | Found a sacrificial altar of Ru.
   335 | D        | Found a deep blue altar of Sif Muna.
   336 | D        | Found a bloodstained altar of Trog.
   337 | D        | Found a hide-covered altar of Uskayaw.
   338 | D        | Found a radiant altar of Vehumet.
   339 | D        | Found an ornate altar of the Wu Jian Council.
   340 | D        | Became a worshipper of Warmaster Okawaru
   341 | D        | Found a shimmering altar of Xom.
   342 | D        | Found a basalt altar of Yredelemnul.
   343 | D        | Found a glowing silver altar of Zin.
   344 | D        | Found a glowing golden altar of the Shining One.
   392 | D        | Noticed a hippogriff
   392 | D        | Noticed a hippogriff
   394 | D        | Reached skill level 5 in Shields
   394 | D        | Reached XP level 5. HP: 46/46 MP: 5/5
   400 | D        | Killed a hippogriff
   400 | D        | Reached XP level 6. HP: 35/53 MP: 6/6
   403 | D        | Killed a hippogriff
   403 | D        | Reached * piety under Okawaru
   403 | D        | Reached XP level 7. HP: 24/60 MP: 7/7
   596 | D        | Noticed a manticore
   596 | D        | Noticed a hippogriff
   596 | D        | Noticed a hippogriff
   596 | D        | Noticed a centaur warrior
   596 | D        | Noticed a centaur warrior
   604 | D        | Killed a centaur warrior
   604 | D        | Reached ** piety under Okawaru
   604 | D        | Gained mutation: You have hoof-like feet. [demonic
                  | ancestry]
   604 | D        | Reached XP level 8. HP: 34/69 MP: 8/8
   609 | D        | Reached skill level 10 in Maces & Flails
   619 | D        | Killed a centaur warrior
   619 | D        | Reached *** piety under Okawaru
   619 | D        | Received a gift from Okawaru
   619 | D        | Reached skill level 10 in Armour
   623 | D        | Killed a hippogriff
   623 | D        | Reached skill level 1 in Stealth
   623 | D        | Reached XP level 9. HP: 37/77 MP: 9/9
   636 | D        | Killed a manticore
   636 | D        | Reached **** piety under Okawaru
   636 | D        | Received a gift from Okawaru
   936 | D        | Noticed a black mamba
   936 | D        | Noticed a komodo dragon
   937 | D        | Reached skill level 10 in Fighting
   938 | D        | Noticed a black mamba
   945 | D        | Noticed a spiny frog
   953 | D        | Killed a komodo dragon
   956 | D        | Killed a black mamba
   962 | D        | Killed a black mamba
   962 | D        | Reached ***** piety under Okawaru
   962 | D        | Reached XP level 10. HP: 39/86 MP: 10/10
   964 | D        | Reached skill level 5 in Dodging
   968 | D        | Killed a spiny frog
  1215 | D        | Noticed a spiny frog
  1215 | D        | Noticed a spiny frog
  1215 | D        | Noticed a spiny frog
  1215 | D        | Noticed a four-headed hydra
  1371 | D        | Killed a one-headed hydra
  1371 | D        | Reached skill level 1 in Long Blades
  1562 | D        | Killed a spiny frog
  1705 | D        | Killed a spiny frog
  1709 | D        | Killed a spiny frog
  2139 | D        | Noticed a lindwurm
  2413 | D        | Reached skill level 1 in Invocations
  2542 | D        | Killed a lindwurm
  2838 | D        | Noticed Harold
  2860 | D        | Killed Harold
  2860 | D        | Reached skill level 15 in Maces & Flails
  2860 | D        | Gained mutation: Your flesh is cold resistant. (rC+)
                  | [demonic ancestry]
  2860 | D        | Reached XP level 11. HP: 37/96 MP: 9/12
  3140 | D        | Noticed an orc knight
  3159 | D        | Killed an orc knight
  3159 | D        | Reached ****** piety under Okawaru
  3394 | D        | Noticed an orc knight
  3394 | D        | Noticed an orc knight
  3558 | D        | Killed an orc knight
  3558 | D        | Received a gift from Okawaru
  3563 | D        | Got a steaming mace {god gift}
  3564 | D        | Identified the +7 mace of Xinebrapli {freeze, rElec Dex+2}
                  | (Okawaru gifted it to you in the Dungeon)
  3692 | D        | Killed an orc knight
  3712 | D        | Noticed an orc sorcerer
  3723 | D        | Killed an orc sorcerer
  3972 | D        | Found Qefusk's Book Boutique.
  3972 | D        | Noticed an orc knight
  3972 | D        | Noticed an orc knight
  3972 | D        | Noticed an orc knight
  3973 | D        | Noticed an orc knight
  4220 | D        | Killed an orc knight
  4378 | D        | Killed an orc knight
  4378 | D        | Reached skill level 5 in Stealth
  4514 | D        | Killed an orc knight
  4617 | D        | Killed an orc knight
  4810 | D        | Found Vomil's Assorted Antiques.
  4815 | D        | Found Fuob's Food Boutique.
  4818 | D        | Found Xobo's Magic Scroll Shop.
  4820 | D        | Noticed an orc knight
  4823 | D        | Received a gift from Okawaru
  4825 | D        | Noticed an orc knight
  4961 | D        | Killed an orc knight
  5341 | D        | Killed an orc knight
  5526 | D        | Bought a shimmering brass ring for 160 gold pieces
  5526 | D        | Identified the ring "Conaqihi" {Str+4 SInv} (You bought it
                  | in a shop in the Dungeon)
  5558 | D        | Noticed Maurice
  5573 | D        | Killed Maurice
  5921 | D        | Noticed a centaur warrior
  5921 | D        | Noticed an unseen horror
  5924 | D        | Killed an unseen horror
  5926 | D        | Noticed a centaur warrior
  5933 | D        | Killed a centaur warrior
  5933 | D        | Gained mutation: You are mostly covered in large bone
                  | plates. (SH +6) [demonic ancestry]
  5933 | D        | Reached XP level 12. HP: 108/108 MP: 12/15
  5936 | D        | Received a gift from Okawaru
  5936 | D        | Reached skill level 10 in Shields
  5950 | D        | Killed a centaur warrior
  5957 | D        | Noticed an ettin
  5957 | D        | Noticed a spark wasp
  5957 | D        | an ettin changed into a spark wasp
  5958 | D        | Noticed a fire giant
  5959 | D        | Noticed a stone giant
  5962 | D        | a spark wasp changed into a tyrant leech
  5963 | D        | Reached skill level 15 in Fighting
  5963 | D        | Noticed a satyr
  5963 | D        | a tyrant leech changed into a satyr
  5964 | D        | a satyr changed into a wolf spider
  5964 | D        | Noticed a great orb of eyes
  5967 | D        | Noticed an alligator
  5967 | D        | a wolf spider changed into an alligator
  5968 | D        | Noticed a satyr
  5968 | D        | an alligator changed into a satyr
  5971 | D        | Noticed a seven-headed hydra
  5971 | D        | a satyr changed into a seven-headed hydra
  5976 | D        | Noticed a satyr
  5976 | D        | a seven-headed hydra changed into a satyr
  5977 | D        | Noticed a ghost moth
  5977 | D        | a satyr changed into a ghost moth
  5979 | D        | Noticed a death yak
  5979 | D        | a ghost moth changed into a death yak
  5981 | D        | Noticed a ghost moth
  5981 | D        | a death yak changed into a ghost moth
  5982 | D        | Noticed an entropy weaver
  5982 | D        | a ghost moth changed into an entropy weaver
  5986 | D        | Noticed a catoblepas
  5986 | D        | an entropy weaver changed into a catoblepas
  5988 | D        | Noticed a queen ant
  5988 | D        | a catoblepas changed into a queen ant
  6000 | D        | Killed a queen ant
  6013 | D        | Killed a fire giant
  6013 | D        | Reached skill level 5 in Invocations
  6021 | D        | Killed a stone giant
  6026 | D        | Killed a great orb of eyes
  6349 | D        | Noticed Eustachio
  6366 | D        | Killed Eustachio
  6423 | D        | Noticed a merfolk aquamancer
  6607 | D        | Received a gift from Okawaru
  6804 | D        | Killed a merfolk aquamancer
  6851 | D        | Noticed an entropy weaver
  6883 | D        | HP: 3/111 [demonic crawler (11)]
  6886 | D        | Slain by a jumping spider

Levels and vault maps discovered:
D:        linesprint [early_d, line_temple, items_1, d_10, items_2, lair_1,
          lair_end, items_3, orc_1, orc_end, items_4, d_15, swamp_1, shoals_1,
          snake_1, spider_1, d_20, vaults_1, items_5, swamp_end, shoals_end,
          snake_end, spider_end, vaults_end, d_27, items_6, zot_1, zot_end,
          crypt_end, forest_end, elf_end, slime_end, tomb_end, abyss_end,
          pan_hell_end]

Skill      XL: |  1  2  3  4  5  6  7  8  9 10 11 12 |
---------------+-------------------------------------+-----
Armour         | 5 7 8 9 10 11 12 | 12.9
Shields        | 4 5 6 7 9 12 | 12.3
Maces & Flails | 3 4 6 7 9 11 13 15 16 | 16.8
Fighting       | 5 6 7 8 9 10 12 14 16 | 16.0
Dodging        | 1 2 3 4 6 7 9 |  9.3
Stealth        | 1 3 5 6 |  6.1
Long Blades    | 3 |  3.6
Invocations    | 1 4 5 |  5.7

Action                   |  1- 3 |  4- 6 |  7- 9 | 10-12 || total
-------------------------+-------+-------+-------+-------++-------
Melee: Flail             |    40 |     6 |       |       ||    46
       Dire flail        |       |     8 |    60 |   130 ||   198
       Kick              |       |     1 |    19 |   205 ||   225
       Scimitar          |       |       |       |     6 ||     6
       Mace              |       |       |       |   377 ||   377
Invok: Heroism           |       |       |       |    14 ||    14
  Use: Potion            |     1 |     1 |     6 |     7 ||    15
       Scroll            |       |       |       |     6 ||     6
 Stab: Sleeping          |       |       |       |     1 ||     1
  Eat: Chunk             |       |       |       |    16 ||    16
       Ration            |       |       |       |     1 ||     1
Armor: Scale mail        |    22 |     2 |       |       ||    24
       Ring mail         |       |     5 |    20 |    26 ||    51
       Swamp dragon scal |       |       |       |    18 ||    18
Dodge: Dodged            |    12 |     4 |    33 |   110 ||   159
Block: Shield            |    20 |     2 |       |    64 ||    86
       Other             |       |     1 |     5 |    14 ||    20
       Large shield      |       |       |       |   162 ||   162

Table legend:
 A = Non-vault XP
 B = Vault XP
 C = Vault XP percentage of total XP
 D = Non-vault monster count
 E = Vault monster count
 F = Vault count percentage of total count
                 A         B        C        D         E       F
            +---------+---------+-------+---------+---------+-------
      Total |       0 |   34665 | 100.0 |       0 |     114 | 100.0
            +---------+---------+-------+---------+---------+-------
          D |       0 |   34665 | 100.0 |       0 |     114 | 100.0
            +---------+---------+-------+---------+---------+-------
